 Dungeon Crawl Stone Soup version 0.28-a0-535-g6f645e4c1d (webtiles) character file.

Game seed: 4804309749740014960

640 jasper the Grave Robber (level 7, -2/46 HPs)
             Began as a Demonspawn Necromancer on Sept 26, 2021.
             Slain by a wyvern skeleton (8 damage)
             ... on level 5 of the Dungeon.
             The game lasted 00:08:41 (5082 turns).

jasper the Grave Robber (Demonspawn Necromancer)    Turns: 5082, Time: 00:08:42

Health: -2/46      AC:  3    Str:  8    XL:     7   Next: 26%
Magic:  12/12      EV: 12    Int: 20    God:
Gold:   220        SH:  0    Dex: 14    Spells: 3/12 levels left

rFire   . . .      SeeInvis .   d - +0 dagger
rCold   . . .      Faith    .   (no shield)
rNeg    + . .      Spirit   .   a - +1 robe
rPois   .          Reflect  .   (no helmet)
rElec   .          Harm     .   (no cloak)
rCorr   .          Rampage  .   (no gloves)
Will    .....                   (no boots)
Stlth   ++........              (no amulet)
HPRegen 0.15/turn               r - ring of positive energy
MPRegen 0.13/turn               (no ring)

@: no status effects
A: foul stench 3, big brain 1, demonic magic 2
a: no special abilities


You were on level 5 of the Dungeon.
You visited 1 branch of the dungeon, and saw 7 of its levels.

You collected 220 gold pieces.

Inventory:

Hand Weapons
 d - a +0 dagger (weapon)
 l - a +0 short sword
Missiles
 g - 45 stones
 o - 2 atropa-tipped darts
Armour
 a - a +1 robe (worn)
 p - a +2 leather armour of cold resistance
Jewellery
 n - an amulet of faith
 r - a ring of positive energy (left hand)
Scrolls
 c - 4 scrolls of identify
 h - a scroll of fog {unknown}
 i - 3 scrolls of enchant armour
 k - a scroll of teleportation {unknown}
 q - a scroll of noise {unknown}
Potions
 b - a potion of mutation
 e - a potion of curing
 f - a potion of cancellation
 j - 2 potions of degeneration {unknown}
 m - a potion of haste {unknown}
 t - a potion of magic {unknown}


   Skills:
 - Level 1.7 Dodging
 - Level 1.7 Stealth
 + Level 3.4 Spellcasting
 * Level 2.7 Conjurations
 - Level 7.0 Necromancy
 * Level 2.4 Air Magic
 * Level 2.7 Poison Magic


You had 3 spell levels left.
You knew the following spells:

 Your Spells              Type           Power      Damage    Failure   Level
a - Pain                  Necr           100%       1d9       1%          1
b - Animate Skeleton      Necr           62%        N/A       1%          1
c - Vampiric Draining     Necr           15%        2d8       2%          3
d - Apportation           Tloc           6%         N/A       14%         1
e - Mephitic Cloud        Conj/Pois/Air  14%        N/A       14%         3

Your spell library contained the following spells:

 Spells                   Type           Power      Damage    Failure   Level
 Magic Dart               Conj           56%        1d5       4%          1
 Shock                    Conj/Air       52%        1d6       4%          1
 Summon Small Mammal      Summ           12%        N/A       14%         1
 Swiftness                Air            13%        N/A       16%         3
 Call Imp                 Summ           3%         N/A       21%         2
 Gell's Gravitas          Tloc           1%         N/A       38%         3
 Teleport Other           Tloc           3%         N/A       38%         3
 Animate Dead             Necr           15%        N/A       8%          4
 Agony                    Necr           31%        N/A       22%         5
 Airstrike                Air            6%         N/A       45%         4
 Dispersal                Tloc           1%         N/A       100%        6


Dungeon Overview and Level Annotations

Branches:
Dungeon (7/15)
 Temple: D:4-7

Altars:

Annotations:
D:3 Sigmund
D:5 exclusion: ogre
D:6 2 runed translucent doors
D:7 Prince Ribbit


Innate Abilities, Weirdness & Mutations

You frequently emit foul miasma when damaged in melee.
You have an unusually large brain. (Int +2)
Spells you cast may paralyse nearby enemies.


Message History

The wyvern skeleton is heavily damaged.
The wyvern skeleton closely misses you. The wyvern skeleton misses you.
You hit the wyvern skeleton.
The wyvern skeleton is heavily damaged.
The wyvern skeleton bites you but does no damage.
You hit the wyvern skeleton but do no damage.
The wyvern skeleton is heavily damaged.
The wyvern skeleton bites you!
You take 13 damage, and have 22/46 hp.
MASSIVE DAMAGE!!
You hit the wyvern skeleton.
The wyvern skeleton is heavily damaged.
The wyvern skeleton closely misses you. The wyvern skeleton misses you.
You hit the wyvern skeleton but do no damage.
The wyvern skeleton is heavily damaged.
The wyvern skeleton closely misses you.
Casting: Pain (safe; 1% risk of failure)
Confirm with . or Enter, or press ? or * to list all spells.
Aiming: Apportation (safe; 14% risk of failure)
Press: ? - help, Dir - move target, f - you Sorry, you can't target yourself.
Okay, then.
Drop what? 19/52 slots (_ for help) (? for menu, Esc to quit)
Okay, then.
Casting: Apportation (safe; 14% risk of failure)
Confirm with . or Enter, or press ? or * to list all spells.
Aiming: Apportation (safe; 14% risk of failure)
Press: ? - help, Dir - move target, f - wyvern skeleton You don't see anything to apport there.
You aren't carrying any items that you can evoke.
You feel better. The wyvern skeleton bites you!
You take 6 damage, and have 16/46 hp.
You hit the wyvern skeleton.
The wyvern skeleton is severely damaged.
The wyvern skeleton bites you!
* * * LOW HITPOINT WARNING * * *
You take 11 damage, and have 5/46 hp.
MASSIVE DAMAGE!!
You hit the wyvern skeleton.
The wyvern skeleton is severely damaged.
The wyvern skeleton barely misses you. The wyvern skeleton bites you!
You die...

#.#
########............
#.# #..########.#
##.# #.....# ###
#..# ##.##.# #.##
..# # #.# #. ### #.#
#.# #.# #.#
##########
####.###.#
#.@Z......
#......#.#
#.########
#.##.#.#.# #.#
#.##.#.#.###.#######
#.##.#>#............
#.##.#.#.###.#######
#.##.#.#.....#
#.##.#.#.#####
#.##.#.#.#


You could see a wyvern skeleton.

Vanquished Creatures
  Eustachio (D:6)
  A sky beast (D:6)
  An ogre (D:5)
  A scorpion (D:6)
  4 hounds
  2 iguanas
  4 adders
  9 orcs
  8 bats
  2 endoplasms
  A giant cockroach (D:1)
  12 goblins
  5 hobgoblins
  3 kobolds (D:1)
  3 quokkas
  7 ball pythons
  4 frilled lizards
  4 rats
72 creatures vanquished.

Vanquished Creatures (others)
  A plant (D:7)
1 creature vanquished.

Grand Total: 73 creatures vanquished

Notes
Turn   | Place    | Note
-------+----------+-------------------------------------------
     0 | D:1      | jasper the Demonspawn Necromancer began the quest for the
                  | Orb.
     0 | D:1      | Reached XP level 1. HP: 13/13 MP: 3/3
   295 | D:1      | Gained mutation: Spells you cast may paralyse adjacent
                  | enemies. [demonic ancestry]
   295 | D:1      | Reached XP level 2. HP: 17/19 MP: 1/5
   421 | D:1      | Reached skill level 5 in Necromancy
   561 | D:1      | Learned a level 1 spell: Animate Skeleton
   760 | D:1      | Found a faded altar of an unknown god.
  1374 | D:2      | Gained mutation: You have an unusually large brain. (Int
                  | +2) [demonic ancestry]
  1374 | D:2      | Reached XP level 3. HP: 20/24 MP: 1/6
  1378 | D:2      | Learned a level 3 spell: Vampiric Draining
  1380 | D:2      | Learned a level 1 spell: Apportation
  1781 | D:2      | Reached skill level 6 in Necromancy
  2457 | D:3      | Noticed Sigmund
  2621 | D:2      | Gained mutation: You may rarely emit foul miasma when
                  | damaged in melee. [demonic ancestry]
  2621 | D:2      | Reached XP level 4. HP: 29/30 MP: 2/7
  3314 | D:4      | Noticed a necrophage
  3334 | D:5      | Entered Level 5 of the Dungeon
  3376 | D:5      | Noticed an ogre
  3442 | D:5      | Noticed an ogre
  3584 | D:6      | Found a large runed translucent door.
  3585 | D:6      | Found a large runed translucent door.
  3659 | D:6      | Noticed a scorpion
  3661 | D:6      | Killed a scorpion
  3662 | D:6      | Reached skill level 7 in Necromancy
  3662 | D:6      | Gained mutation: You sometimes emit foul miasma when
                  | damaged in melee. [demonic ancestry]
  3662 | D:6      | Reached XP level 5. HP: 31/35 MP: 5/9
  3666 | D:6      | Learned a level 3 spell: Mephitic Cloud
  3837 | D:6      | Noticed Eustachio
  3872 | D:6      | Killed Eustachio
  3873 | D:6      | Reached skill level 1 in Conjurations
  3873 | D:6      | Reached skill level 1 in Air Magic
  3873 | D:6      | Reached skill level 1 in Poison Magic
  3873 | D:6      | Gained mutation: You frequently emit foul miasma when
                  | damaged in melee. [demonic ancestry]
  3873 | D:6      | Reached XP level 6. HP: 16/41 MP: 6/10
  4192 | D:6      | Noticed a sky beast
  4204 | D:6      | Killed a sky beast
  4612 | D:7      | Noticed Prince Ribbit
  4624 | D:7      | Gained mutation: Spells you cast may paralyse nearby
                  | enemies. [demonic ancestry]
  4624 | D:7      | Reached XP level 7. HP: 40/46 MP: 8/11
  5082 | D:5      | Slain by a wyvern skeleton

Illustrated notes

Levels and vault maps discovered:
D:1:      lightli_arrival_windingriver, layout_loops_ring,
          ebering_ecumenical_altar_rust, st_stairs_13
D:2:      layout_basic
D:3:      layout_basic, ebering_ghost_sewer_f, minmay_distorted, uniq_sigmund,
          uniq_jessica
D:4:      layout_layer_cave
D:5:      layout_loops_ring, minmay_temple_entry_fiery
D:6:      layout_basic, jmf_multi_god_temple2, uniq_eustachio
D:7:      nzn_winding_woodlands_three_and_one [nzn_winding_woodlands_5x15_pool,
          nzn_winding_woodlands_5x15_garden,
          nzn_winding_woodlands_5x15_pathside_ponds,
          nzn_winding_woodlands_center_garden], layout_basic,
          gammafunk_ghost_hive, minmay_misc_feat_secret_circle,
          minmay_fractal_squares_5, uniq_prince_ribbit1

Skill      XL: |  1  2  3  4  5  6 |
---------------+-------------------+-----
Necromancy     | 5 6 7 |  7.0
Spellcasting   | 3 |  3.4
Conjurations   | 1 2 |  2.7
Air Magic      | 1 2 |  2.4
Poison Magic   | 1 2 |  2.7
Dodging        | |  1.7
Stealth        | |  1.7

Action                   |  1- 3 |  4- 6 |  7- 9 || total
-------------------------+-------+-------+-------++-------
Melee: Dagger            |     7 |    14 |    13 ||    34
       Short sword       |       |     1 |       ||     1
Throw: Dart              |       |     2 |       ||     2
 Cast: Pain              |    60 |    68 |     8 ||   136
       Vampiric Draining |     1 |       |       ||     1
       Animate Skeleton  |       |     3 |       ||     3
       Mephitic Cloud    |       |       |     2 ||     2
  Use: Scroll            |     5 |       |     1 ||     6
       Potion            |       |       |     2 ||     2
 Stab: Paralysed         |     1 |    12 |       ||    13
       Sleeping          |       |       |     1 ||     1
Armor: Robe              |     2 |     6 |     1 ||     9
Dodge: Dodged            |     7 |    13 |    14 ||    34

Table legend: (Time is in decaauts)
 A = Elapsed time spent in this place.
 B = Non-inter-level travel time spent in this place.
 C = Inter-level travel time spent in this place.
 D = Time resting spent in this place.
 E = Time spent auto-exploring this place.
 F = Levels seen in this place.
 G = Mean time per level.
                   A        B        C        D        E       F      G
               +--------+--------+--------+--------+--------+-----+--------+
         Total |   5086 |   4731 |    355 |    792 |   3152 |   7 |  726.6 |
       Dungeon |   5086 |   4731 |    355 |    792 |   3152 |   7 |  726.6 |
               +--------+--------+--------+--------+--------+-----+--------+

Top non-repeatable levels by time:
     D:2: 1443 daAuts
     D:1: 1248 daAuts
     D:6: 1153 daAuts
     D:3: 511 daAuts
     D:5: 415 daAuts
     D:7: 178 daAuts
     D:4: 134 daAuts
